Map: Cosmic Sapphire

Players

Reynor

  • Race: Zerg Zerg
  • League: Master
  • Spawn Location: 5:00

Scarlett - Winner!

  • Race: Zerg Zerg
  • Spawn Location: 11:00

Event: HomeStory Cup XXII

VOD

Have the link to the VOD?

Description

Time

  • Played on: Dec. 16, 2022, 11:41 a.m.
  • Length: 5:46

All games in this series

Show
View Real Time Build Order
Export as new Build Order

Reynor Zerg 

Build Orders: Hatch First 

Get SALT Encoding   

  12  0:00  Drone  
  13  0:11  Overlord  
  13  0:16  Drone  
  14  0:29  Drone x2  
  16  0:47  Hatchery  
  15  0:50  Drone  
  15  0:54  Drone  
  17  0:57  Drone  
  18  1:09  Extractor  
  17  1:12  Spawning Pool  
  17  1:16  Drone  
  17  1:20  Drone  
  18  1:27  Drone  
  19  1:38  Drone  
  20  1:49  Drone  
  21  1:59  Queen x2, Overlord  
  21  2:00  Zergling x2  
  26  2:10  Drone x2  
  26  2:12  Metabolic Boost  
  28  2:20  Drone  
  28  2:21  Drone  
  30  2:31  Zergling x2  
  30  2:37  Hatchery  
  30  2:39  Drone  
  30  2:42  Drone  
  32  2:46  Overlord  
  32  2:54  Drone  
  32  2:56  Drone  
  34  3:04  Drone x2, Evolution Chamber  
  35  3:11  Zergling x2, Overlord  
  35  3:12  Zergling x4  
  38  3:14  Drone  
  38  3:15  Drone  
  40  3:20  Zergling x2  
  40  3:21  Zergling x2  
  40  3:24  Queen  
  44  3:32  Zergling x4  
  45  3:38  Zergling x4  
  47  3:42  Zergling x6  
  47  3:46  Zergling x2  
  51  3:50  Zergling x6  
  50  4:05  Zergling x2  
  50  4:06  Overlord  
  51  4:10  Hatchery, Overlord  
  51  4:16  Zergling x2  
  51  4:25  Zergling x2  
  51  4:26  Zergling x6, Queen  
  57  4:33  Queen  
  57  4:36  Zergling x8  
  64  4:40  Spine Crawler  
  64  4:42  Zergling x2  
  62  4:46  Zergling x2  
  54  4:53  Zergling x2  
  54  4:58  Zergling x2  
  45  5:01  Zergling x2  
  45  5:02  Queen  
  45  5:03  Zergling x4  
  38  5:08  Zergling x4  
  38  5:09  Queen  
  41  5:14  Zergling x2  
  41  5:19  Zergling x2  
  42  5:25  Zergling x2  
Show
View Real Time Build Order
Export as new Build Order

Scarlett Zerg - Winner!

Build Orders: Hatch First 

Get SALT Encoding   

  12  0:00  Drone  
  13  0:12  Overlord  
  13  0:17  Drone  
  14  0:30  Drone x2  
  16  0:47  Hatchery  
  15  0:50  Drone  
  15  0:54  Drone  
  17  0:57  Drone  
  18  1:08  Extractor  
  17  1:12  Spawning Pool  
  17  1:15  Drone  
  17  1:19  Drone  
  18  1:28  Drone  
  19  1:38  Drone  
  20  1:49  Drone  
  21  1:59  Queen x2  
  21  2:00  Zergling x2, Overlord  
  26  2:08  Metabolic Boost  
  26  2:11  Drone x2  
  29  2:22  Zergling x2  
  29  2:23  Drone  
  30  2:33  Drone x2  
  32  2:38  Hatchery  
  31  2:46  Overlord  
  31  2:54  Zergling x4  
  33  3:00  Roach Warren  
  32  3:07  Zergling x10  
  32  3:10  Zergling x2  
  38  3:15  Zergling x6  
  38  3:19  Overlord  
  41  3:26  Overlord  
  41  3:43  Roach x5  
  41  3:47  Roach  
  52  3:54  Roach  
  52  3:55  Roach  
  55  3:58  Zergling x2  
  55  4:05  Zergling x6  
  55  4:09  Zergling x2  
  58  4:10  Zergling x2  
  58  4:14  Zergling x2  
  58  4:15  Zergling x2  
  60  4:25  Zergling x10  
  60  4:29  Overlord  
  65  4:35  Zergling x2  
  62  4:48  Zergling x2  
  62  4:49  Zergling x14  
  59  4:53  Zergling x4  
  59  4:56  Zergling x2  
  59  4:58  Zergling x2  
  56  5:01  Zergling x2  
  56  5:04  Ravager  
  53  5:08  Zergling x4  
  53  5:10  Zergling x2  
  56  5:18  Ravager  
  56  5:19  Zergling x6  
  60  5:24  Zergling x4  
Tags
 
Add a new tag
Caveats
  • Supply blocks, unpowered buildings, or Contaminate may cause inaccurate times.
  • Supply counts are checked every 10 seconds.